 Dungeon Crawl Stone Soup version 0.27.1-37-g7b29ead8ac (console) character file.

Game seed: 4340450920409325487

10 grimtooth the Sneak (level 2, -1/15 HPs)
             Began as a Kobold Enchanter on July 3, 2023.
             Succumbed to a kobold's poison
             ... on level 1 of the Dungeon.
             The game lasted 00:01:31 (695 turns).

grimtooth the Sneak (Kobold Enchanter)               Turns: 695, Time: 00:01:31

Health: -1/15      AC:  2    Str:  5    XL:     2   Next: 30%
Magic:  3/5        EV: 15    Int: 16    God:
Gold:   35         SH:  0    Dex: 15    Spells: 4/5 levels left

rFire    . . .     SeeInvis .   a - +1 dagger
rCold    . . .     Faith    .   (shield restricted)
rNeg     . . .     Spirit   .   b - +0 robe
rPois    .         Reflect  .   (no helmet)
rElec    .         Harm     .   (no cloak)
rCorr    .         Rampage  .   (no gloves)
Will     .....                  (no boots)
Stlth    ++++......             (no amulet)
HPRegen  0.05/turn              (no ring)
MPRegen  0.09/turn              (no ring)

@: lethally poisoned (-1 -> -15), flying
A: small, no large weapons, nightstalker 3
a: no special abilities


You were on level 1 of the Dungeon.
You visited 1 branch of the dungeon, and saw 1 of its levels.

You collected 35 gold pieces.

Inventory:

Hand Weapons
 a - a +1 dagger (weapon)
Missiles
 c - 40 stones (quivered)
Armour
 b - a +0 robe (worn)
Scrolls
 e - a scroll of fog {unknown}


   Skills:
 - Level 1.3 Short Blades
 - Level 2.4 Dodging
 + Level 4.3 Stealth
 - Level 2.1 Spellcasting
 * Level 3.4 Hexes


You had 4 spell levels left.
You knew the following spells:

 Your Spells              Type           Power      Damage    Failure   Level
a - Corona                Hex            13%        N/A       4%          1

Your spell library contained the following spells:

 Spells                   Type           Power      Damage    Failure   Level
 Confusing Touch          Hex            12%        N/A       14%         3
 Tukima's Dance           Hex            12%        N/A       14%         3
 Ensorcelled Hibernation  Hex/Ice        14%        N/A       16%         2
 Dazzling Flash           Conj/Hex       14%        N/A       30%         3


Dungeon Overview and Level Annotations

Branches:
Dungeon (1/15)

Altars:

Shops:
D:1 *


Innate Abilities, Weirdness & Mutations

You are small and have problems with some larger weapons.
You are completely attuned to the shadows.


Message History

a +0 dagger; a goblin corpse A kobold is nearby!
Casting: Corona (safe; 4% risk of failure)
Confirm with . or Enter, or press ? or * to list all spells.
Aiming: Corona (safe; 4% risk of failure)
Press: ? - help, Shift-Dir - straight line, f - kobold
Aim: a kobold, wielding a +0 dagger of venom (wandering, hasn't noticed you, chance to affect: 66%)
The kobold shouts!
The kobold barely resists.
Casting: Corona (safe; 4% risk of failure)
Confirm with . or Enter, or press ? or * to list all spells.
Aiming: Corona (safe; 4% risk of failure)
Press: ? - help, Shift-Dir - straight line, f/p - kobold
Aim: a kobold, wielding a +0 dagger of venom (chance to affect: 66%)
The kobold is outlined in light.
Throw: 41 stones
Press: ? - help, Q - select action, (/) - cycle Shift-Dir - straight line, f/p - kobold
Aim: a kobold, wielding a +0 dagger of venom (softly glowing, 69% to hit)
You throw a stone.
The stone hits the kobold but does no damage.
You hit the kobold.
The kobold is severely wounded.
The kobold hits you with a +0 dagger of venom.
You are lethally poisoned!
You feel very sick.
Things that are here:
a +0 dagger; a goblin corpse You feel sick.
* * * LOW HITPOINT WARNING * * *
You feel sick.
Okay, then.
It was a potion of flight.
You feel very buoyant.
You fly up into the air.
* * * LOW HITPOINT WARNING * * *
You feel sick.
The kobold hits you with a +0 dagger of venom.
* * * LOW HITPOINT WARNING * * *
You are more poisoned.
You die...

#......K #....=.. #####..K....
.......≈≈≈.. #.##.(≈≈≈≈≈.
#^##.#≈≈∩... #.##.#≈≈≈≈≈#
#.##)##≈≈≈ ##.##K#### ..
#......... #.###....@.###
#..#.......# .#
##..........###############
......##.##.......÷......#....
##.##.#...#.#.##########.##..#
#...#.......#............##...
..........#.#.#############.#.
#...##.#.##)#.# ##....#
##.....#......### ##..#.##
....#.....##....## ##....##
..##.#.##...#..#..#####..#.####


You could see a kobold (corona).

Vanquished Creatures
  An endoplasm (D:1)
  4 goblins (D:1)
  2 kobolds (D:1)
  A bat (D:1)
8 creatures vanquished.

Notes
Turn   | Place    | Note
-------+----------+-------------------------------------------
     0 | D:1      | grimtooth the Kobold Enchanter began the quest for the Orb.
     0 | D:1      | Reached XP level 1. HP: 10/10 MP: 3/3
   546 | D:1      | Reached XP level 2. HP: 15/15 MP: 5/5
   647 | D:1      | Found Motaoshu's General Store.
   695 | D:1      | Succumbed to a kobold's poison

Illustrated notes

Levels and vault maps discovered:
D:1:      lemuel_arrival_tunnels, layout_basic, serial_shops, shop,
          nicolae_shop_waterfront, nicolae_lakefront_shop,
          nicolae_shop_temple_entry_statues_fountains,
          hangedman_decor_clover_reticule

Action                   || total
-------------------------++-------
Melee: Dagger            ||    33
Throw: Stone             ||     1
 Cast: Corona            ||     6
  Use: Potion            ||     1
 Stab: Sleeping          ||     3
Armor: Robe              ||     4
Dodge: Dodged            ||    19
